 Dungeon Crawl Stone Soup version 0.31-a0-233-g139696dc86 (webtiles) character file.

Game seed: 8944260145083182557

1322 qw the Skirmisher (level 8, -2/70 HPs)
             Began as a Minotaur Hexslinger on July 8, 2023.
             Slain by a gnoll
             ... wielding a +0 club
             ... led by a gnoll bouda
              (8 damage)
             ... on level 7 of the Dungeon.
             The game lasted 00:02:04 (6123 turns).

qw the Skirmisher (Minotaur Hexslinger)             Turns: 6123, Time: 00:02:05

Health: -2/70      AC:  3    Str: 11 (13) XL:     8   Next: 33%
Magic:  8/8        EV: 14    Int: 14      God:
Gold:   298        SH:  4    Dex: 18      Spells: 8/9 levels left

rFire   + . .        Y - +3 sling
rCold   . . .        (no shield)
rNeg    . . .        f - +0 robe {rF+}
rPois   .            (helmet restricted)
rElec   .            b - +0 cloak "Hupuk" {Drain Int+5}
rCorr   .            (no gloves)
SInv    .            (no boots)
Will    .....        a - amulet of the acrobat
Stlth   ++           (no ring)
HPRegen 0.31/turn    (no ring)
MPRegen 0.11/turn

%: acrobat
@: about to teleport
A: horns 2, retaliatory headbutt, large bone plates 1, agile 1
a: no special abilities


You were on level 7 of the Dungeon.
You visited 2 branches of the dungeon, and saw 8 of its levels.

You collected 390 gold pieces.
You spent 92 gold pieces at shops.


Innate Abilities, Weirdness & Mutations

You have a pair of horns on your head.
You reflexively headbutt those who attack you in melee.
You are partially covered in large bone plates. (SH +4)
You are agile. (Dex +4, Str/Int -1)


   Skills:
 - Level 6.1 Fighting
 + Level 9.1 Ranged Weapons
 - Level 1.5 Armour
 - Level 4.0 Dodging
 - Level 1.0 Spellcasting
 - Level 2.0 Hexes


You had 8 spell levels left.
You knew the following spells:

 Your Spells              Type           Power      Damage    Failure   Level
a - Slow                  Hex            24%        N/A       12%         1

Your spell library contained the following spells:

 Spells                   Type           Power      Damage    Failure   Level
 Inner Flame              Hex/Fire       3%         N/A       45%         3
 Portal Projectile        Hex/Tloc       6%         N/A       45%         3
 Cause Fear               Hex            3%         N/A       75%         4

Inventory:

Hand Weapons
 Y - a +3 sling (weapon)
Armour
 b - the +0 cloak "Hupuk" (worn) {Drain Int+5}
   (You acquired it on level 2 of the Dungeon)

   Int:       It affects your intelligence (+5).
   Drain:     It drains your maximum health when unequipped.
 d - a +0 ring mail
 f - a +0 robe of fire resistance (worn)
Jewellery
 a - an amulet of the acrobat (around neck)
Scrolls
 i - a scroll of teleportation
 j - a scroll of identify
Potions
 c - a potion of curing
 e - a potion of mutation
 g - a potion of haste
 h - a potion of cancellation
 k - a potion of might
 m - a potion of enlightenment {unknown}

Dungeon Overview and Level Annotations

Branches:
Dungeon (7/15)             Temple (1/1) D:4

Altars:
Ashenzari
Cheibriados
Elyvilon
Fedhas
Gozag
Hepliaklqana
Kikubaaqudgha
Makhleb
Nemelex Xobeh
Qazlal
Ru
Sif Muna
Trog
Uskayaw
Vehumet
Xom
The Shining One

Shops:
D:5 *


Message History

The gnoll is heavily wounded.
The gnoll bouda barks out a call to the hunt!
The gnolls pick up the pace!
You shoot a sling bullet. The sling bullet hits the gnoll.
The gnoll is almost dead.
Your attacks no longer feel as feeble.
The gnoll hits you with a +0 club. The gnoll barely misses you.
The gnoll bouda gazes fiercely through you!
You feel your attacks grow feeble. The gnoll hits you with a +0 whip.
You shoot a sling bullet. The sling bullet hits the gnoll!
You kill the gnoll!
The gnoll hits you with a +0 club. The gnoll hits you with a +0 flail!
The gnoll barely misses you.
You feel your intelligence returning.
You shoot a sling bullet.
The sling bullet barely misses the gnoll.
The gnoll barely misses you. The gnoll closely misses you.
You furiously retaliate!
You headbutt the gnoll! The gnoll hits you with a +0 flail.
The gnoll barely misses you.
You shoot a sling bullet. The sling bullet hits the gnoll.
The gnoll is almost dead.
The gnoll hits you with a +0 club. The gnoll hits you with a +0 flail.
You shoot a sling bullet.
The sling bullet closely misses the gnoll.
Your attacks no longer feel as feeble.
The gnoll hits you with a +0 club! The gnoll closely misses you.
The gnoll misses you. The gnoll hits you with a +0 club.
6122 ||| READING 2 scrolls of teleportation.
As you read the scroll of teleportation, it crumbles to dust.
You feel strangely unstable. The gnoll hits you with a +0 club.
The gnoll bouda barely misses you. You furiously retaliate!
You headbutt the gnoll bouda! You block the gnoll's attack.
The gnoll misses you. The gnoll hits you with a +0 club.
You shoot a sling bullet. The sling bullet hits the gnoll.
The gnoll is almost dead.
The orc completely misses you. You furiously retaliate!
You headbutt the orc. The gnoll hits you with a +0 club!
You die...

.### #.. .# .... ...#
#..###.. ....#.... #.......
.........#. .# #......#
.........###
...#......####.......#..# #
.... #....o.##.......#..###
....##...ggo...............
........og@#.....#.........
.........gg......#.........
................#..........
............).............#
=...###.......##.../.......
### #...##..#...##.....#.
######............##.
##...#.###.#.# . ###.###
##### #


You could see a gnoll bouda, 4 gnolls and 3 orcs.

Vanquished Creatures
  Grinder (D:5)
  A sky beast (D:6)
  2 phantoms (D:5)
  Blork the orc (D:5)
  4 scorpions
  5 hounds
  2 jellies (D:6)
  A sleepcap (D:5)
  An orc priest (D:3)
  2 iguanas
  5 gnolls
  9 adders
  2 river rats (D:4)
  2 shadow imps (D:5)
  2 ufetubi (D:5)
  A worm (D:3)
  8 orcs
  3 endoplasms
  5 giant cockroaches
  7 goblins
  3 hobgoblins
  5 quokkas
  10 ball pythons
  3 bats
  5 frilled lizards
  9 kobolds
  7 rats
106 creatures vanquished.

Vanquished Creatures (others)
  A goblin (D:3)
1 creature vanquished.

Grand Total: 107 creatures vanquished

Notes
Turn   | Place    | Note
-------+----------+-------------------------------------------
     0 | D:1      | qw the Minotaur Hexslinger began the quest for the Orb.
     0 | D:1      | Reached XP level 1. HP: 16/16 MP: 1/1
     0 | D:1      | 0 ||| qw: Version: 0.3-a-46-gb1f654a
     0 | D:1      | 0 ||| qw: Game counter: 3381
     0 | D:1      | 0 ||| qw: Melee chars always use a shield: true
     0 | D:1      | 0 ||| qw: God list: Okawaru
     0 | D:1      | 0 ||| qw: Allow faded altars: false
     0 | D:1      | 0 ||| qw: Do Orc after clearing Dungeon:15 true
     0 | D:1      | 0 ||| qw: Do second Lair branch before Depths: true
     0 | D:1      | 0 ||| qw: Lair rune preference: random
     0 | D:1      | 0 ||| qw: Goals: Normal
     0 | D:1      | 0 ||| PLANNING D:1-11
   249 | D:1      | Reached skill level 3 in Ranged Weapons
   250 | D:1      | Reached XP level 2. HP: 23/23 MP: 2/2
   279 | D:1      | Found a faded altar of an unknown god.
   676 | D:1      | 676 ||| UPGRADING to +0 ring mail.
   686 | D:1      | 686 ||| DROPPING +0 robe.
   687 | D:1      | 687 ||| READING scroll labelled VIUROU MOMIKAIMP.
   688 | D:1      | 688 ||| READING scroll labelled EMAPNAASEWN.
   692 | D:1      | 692 ||| DROPPING scroll of poison.
   716 | D:2      | 716 ||| STAIRDANCE
   721 | D:1      | Reached XP level 3. HP: 18/29 MP: 3/3
   841 | D:2      | 841 ||| Stepping ~*~*~tactically~*~*~ (outnumbered).
   844 | D:2      | 844 ||| Stepping ~*~*~tactically~*~*~ (outnumbered).
   851 | D:2      | Reached skill level 4 in Ranged Weapons
   976 | D:2      | Reached skill level 1 in Armour
  1002 | D:2      | Reached XP level 4. HP: 36/36 MP: 4/4
  1245 | D:2      | 1245 ||| DROPPING ring of wizardry.
  1246 | D:2      | 1246 ||| READING scroll labelled LUPLUSOAPN.
  1247 | D:2      | 1247 ||| READING scroll labelled RYISIFIKKO.
  1248 | D:2      | 1248 ||| READING scroll labelled FIELAI OSEOMOZ.
  1248 | D:2      | Identified a scroll of acquirement
  1248 | D:2      | 1248 ||| ACQUIRING +0 cloak "Hupuk" {Drain Int+5}
  1248 | D:2      | Acquired the +0 cloak "Hupuk" {Drain Int+5}
  1250 | D:2      | 1250 ||| UPGRADING to +0 cloak "Hupuk" {Drain Int+5}.
  1255 | D:2      | 1255 ||| READING scroll labelled IRELEU WUOMIUL.
  1440 | D:3      | Found a radiant altar of Vehumet.
  1543 | D:3      | 1543 ||| READING scroll of enchant weapon.
  1543 | D:3      | 1543 ||| ENCHANTING +2 sling.
  2084 | D:3      | Reached skill level 5 in Ranged Weapons
  2364 | D:3      | 2364 ||| DROPPING +6 ring of intelligence.
  2365 | D:3      | 2365 ||| READING scroll labelled ONEISI JEURUNERCH.
  2466 | D:3      | 2466 ||| DRINKING 2 bubbling yellow potions.
  2467 | D:3      | 2467 ||| DRINKING 2 dark potions.
  2523 | D:3      | 2523 ||| DROPPING potion of attraction.
  2524 | D:3      | 2524 ||| DROPPING potion of lignification.
  2568 | D:4      | 2568 ||| PLANNING SEWER
  2607 | D:4      | Found a staircase to the Ecumenical Temple.
  2668 | D:4      | Reached XP level 5. HP: 41/41 MP: 5/5
  2809 | D:4      | Reached skill level 3 in Fighting
  3037 | D:4      | Found an ancient bone altar of Kikubaaqudgha.
  3203 | D:4      | 3203 ||| RIP SEWER
  3220 | D:4      | 3220 ||| PLANNING TEMPLE
  3220 | D:4      | 3220 ||| READING 2 scrolls of identify.
  3220 | D:4      | 3220 ||| IDENTIFYING pink potion
  3221 | D:4      | 3221 ||| DROPPING potion of brilliance.
  3273 | Temple   | Entered the Ecumenical Temple
  3305 | Temple   | 3305 ||| PLANNING D:1-11
  3460 | D:4      | Reached skill level 6 in Ranged Weapons
  3460 | D:4      | Reached XP level 6. HP: 45/52 MP: 6/6
  3525 | D:4      | HP: 13/53 [poisoned by a scorpion]
  3525 | D:4      | HP: 4/53 [gnoll/+0 flail (9)]
  3834 | D:4      | 3834 ||| Stepping ~*~*~tactically~*~*~ (water).
  3841 | D:4      | 3841 ||| UPGRADING to amulet of the acrobat.
  3890 | D:5      | Entered Level 5 of the Dungeon
  4011 | D:5      | Found a sacrificial altar of Ru.
  4023 | D:5      | Reached skill level 7 in Ranged Weapons
  4023 | D:5      | Reached XP level 7. HP: 47/60 MP: 7/7
  4112 | D:5      | Found Jalemer's Fire Supplies.
  4112 | D:5      | Noticed Blork the orc
  4125 | D:5      | Killed Blork the orc
  4213 | D:5      | 4213 ||| BUYING +0 robe of fire resistance (92 gold).
  4213 | D:5      | Bought a +0 robe of fire resistance for 92 gold pieces
  4213 | D:5      | 4213 ||| SHOPLISTING +2 leather armour of fire resistance
                  | (228 gold, have 156).
  4213 | D:5      | 4213 ||| SHOPLISTING +2 robe of fire resistance (212 gold,
                  | have 156).
  4213 | D:5      | 4213 ||| SHOPLISTING ring of protection from fire (300
                  | gold, have 156).
  4272 | D:5      | Found a blossoming altar of Fedhas.
  4286 | D:5      | Noticed Grinder
  4445 | D:5      | Reached skill level 8 in Ranged Weapons
  4456 | D:5      | 4456 ||| FLEEEEING.
  4457 | D:5      | 4457 ||| FLEEEEING.
  4458 | D:5      | 4458 ||| FLEEEEING.
  4459 | D:5      | 4459 ||| FLEEEEING.
  4460 | D:5      | 4460 ||| FLEEEEING.
  4614 | D:5      | Found a white marble altar of Elyvilon.
  4818 | D:5      | 4818 ||| UPGRADING to +0 robe of fire resistance.
  4828 | D:5      | 4828 ||| DRINKING 2 bubbling sapphire potions.
  4829 | D:5      | 4829 ||| READING 2 scrolls of identify.
  4829 | D:5      | 4829 ||| IDENTIFYING ruby potion
  4830 | D:5      | 4830 ||| DROPPING potion of degeneration.
  4875 | D:6      | 4875 ||| FLEEEEING.
  4876 | D:6      | 4876 ||| FLEEEEING.
  4879 | D:6      | 4879 ||| FLEEEEING.
  4880 | D:6      | 4880 ||| FLEEEEING.
  4881 | D:6      | 4881 ||| FLEEEEING.
  4882 | D:6      | 4882 ||| FLEEEEING.
  4883 | D:6      | 4883 ||| FLEEEEING.
  4884 | D:6      | 4884 ||| FLEEEEING.
  4885 | D:6      | 4885 ||| FLEEEEING.
  4886 | D:6      | 4886 ||| FLEEEEING.
  4887 | D:6      | 4887 ||| FLEEEEING.
  4888 | D:6      | 4888 ||| FLEEEEING.
  4889 | D:6      | 4889 ||| STAIRDANCE
  4893 | D:6      | 4893 ||| STAIRDANCE
  4895 | D:6      | 4895 ||| STAIRDANCE
  4966 | D:6      | 4966 ||| STAIRDANCE
  4970 | D:6      | 4970 ||| STAIRDANCE
  4974 | D:6      | 4974 ||| STAIRDANCE
  4978 | D:6      | 4978 ||| STAIRDANCE
  4982 | D:6      | 4982 ||| STAIRDANCE
  4986 | D:6      | 4986 ||| STAIRDANCE
  4990 | D:6      | 4990 ||| STAIRDANCE
  4994 | D:6      | 4994 ||| STAIRDANCE
  4998 | D:6      | 4998 ||| STAIRDANCE
  5002 | D:6      | 5002 ||| STAIRDANCE
  5006 | D:6      | 5006 ||| STAIRDANCE
  5010 | D:6      | 5010 ||| STAIRDANCE
  5014 | D:6      | 5014 ||| STAIRDANCE
  5018 | D:6      | 5018 ||| STAIRDANCE
  5022 | D:6      | 5022 ||| STAIRDANCE
  5026 | D:6      | 5026 ||| STAIRDANCE
  5030 | D:6      | 5030 ||| STAIRDANCE
  5064 | D:5      | Paralysed by Grinder for 2 turns
  5066 | D:5      | Killed Grinder
  5067 | D:5      | Reached skill level 9 in Ranged Weapons
  5067 | D:5      | Reached XP level 8. HP: 62/69 MP: 8/8
  5093 | D:5      | 5093 ||| DRINKING 2 fizzy white potions.
  5093 | D:5      | Gained mutation: You are partially covered in large bone
                  | plates. (SH +4) [potion of mutation]
  5093 | D:5      | Gained mutation: You are agile. (Dex +4, Str/Int -1)
                  | [potion of mutation]
  5215 | D:6      | Found a stormy altar of Qazlal.
  5268 | D:6      | Found a glowing golden altar of the Shining One.
  5270 | D:6      | Found a sparkling altar of Nemelex Xobeh.
  5328 | D:6      | Reached skill level 3 in Dodging
  5797 | D:6      | 5797 ||| DRINKING 2 fuming red potions.
  5798 | D:6      | 5798 ||| READING 4 scrolls of identify.
  5798 | D:6      | 5798 ||| IDENTIFYING viscous puce potion
  5799 | D:6      | 5799 ||| READING 3 scrolls of identify.
  5799 | D:6      | 5799 ||| IDENTIFYING fizzy silvery potion
  5800 | D:6      | 5800 ||| READING 2 scrolls of identify.
  5800 | D:6      | 5800 ||| IDENTIFYING metallic puce potion
  5801 | D:6      | 5801 ||| DROPPING potion of berserk rage.
  5834 | D:7      | 5834 ||| STAIRDANCE
  5837 | D:6      | 5837 ||| Stepping randomly (disturbance).
  5838 | D:6      | 5838 ||| Stepping randomly (disturbance).
  5847 | D:6      | HP: 13/69 [sky beast (6)]
  5848 | D:6      | 5848 ||| READING 2 scrolls of teleportation.
  5851 | D:6      | Reached skill level 6 in Fighting
  6110 | D:7      | 6110 ||| FLEEEEING.
  6111 | D:7      | 6111 ||| FLEEEEING.
  6112 | D:7      | 6112 ||| FLEEEEING.
  6121 | D:7      | HP: 13/70 [gnoll/+0 club[a gnoll bouda] (6)]
  6122 | D:7      | 6122 ||| READING 2 scrolls of teleportation.
  6122 | D:7      | HP: 6/70 [gnoll/+0 club[a gnoll bouda] (5)]
  6123 | D:7      | Slain by a gnoll

Levels and vault maps discovered:
D:1:      lightli_iron_boxes, layout_basic, hellmonk_ecumenical_altar_blasted,
          st_stairs_4
D:2:      layout_rooms, minmay_hexomino_u4
D:3:      layout_basic, fiery_altar_vehumet, serial_bayou,
          serial_bayou_lagoon_a, serial_bayou_pond_e, serial_bayou_pond_e,
          serial_bayou_pond_d
D:4:      layout_basic, kennysheep_little_box,
          minmay_temple_entry_statues_fountains, portal_sewer_entry_e
D:5:      layout_loops_ring, mainiacjoe_overflow_concentric_impassable,
          lemuel_tele_altar, nicolae_overflow_hidden_temple,
          minmay_misc_feat_columns, nicolae_shop_fire_sale
          [nicolae_sub_dead_trees], uniq_blork_the_orc, uniq_grinder
D:6:      layout_basic, mainiacjoe_overflow_alcove_2,
          mainiacjoe_overflow_catwalk_spiral
D:7:      layout_cave_pools, mainiacjoe_overflow_alcove_1
Temple:   nicolae_temple_ecumenical_triangle

Skill      XL: |  1  2  3  4  5  6  7  8 |
---------------+-------------------------+-----
Ranged Weapons | 3 4 5 6 7 9 |  9.1
Fighting       | 2 3 4 5 6 |  6.1
Armour         | 1 |  1.5
Dodging        | 4 |  4.0
Spellcasting   | |  1.0
Hexes          | |  2.0

Action                     |  1- 3 |  4- 6 |  7- 9 || total
---------------------------+-------+-------+-------++-------
   Fire: Sling             |    75 |   182 |   156 ||   413
    Use: Scroll            |     2 |     7 |     6 ||    15
         Potion            |       |     2 |     3 ||     5
 Armour: Robe              |     1 |       |     5 ||     6
         Ring mail         |    27 |    38 |     8 ||    73
  Dodge: Dodged            |    36 |    71 |    50 ||   157
  Block: Other             |       |       |     7 ||     7

Table legend:
 A = Non-vault XP
 B = Vault XP
 C = Vault XP percentage of total XP
 D = Non-vault monster count
 E = Vault monster count
 F = Vault count percentage of total count
                 A         B        C        D         E       F
            +---------+---------+-------+---------+---------+-------
      Total |    1441 |     448 |  23.7 |      90 |      16 |  15.1
            +---------+---------+-------+---------+---------+-------
        D:1 |      40 |       2 |   4.8 |      19 |       2 |   9.5
        D:2 |      42 |      29 |  40.8 |      13 |       4 |  23.5
        D:3 |      78 |       0 |   0.0 |      14 |       0 |   0.0
        D:4 |     323 |      35 |   9.8 |      16 |       8 |  33.3
        D:5 |     571 |     382 |  40.1 |      17 |       2 |  10.5
        D:6 |     372 |       0 |   0.0 |      10 |       0 |   0.0
        D:7 |      15 |       0 |   0.0 |       1 |       0 |   0.0
            +---------+---------+-------+---------+---------+-------
